 Dungeon Crawl Stone Soup version 0.30.1 (webtiles) character file.

Game seed: 15844375929493969960

1344 McKennaii the Shield-Bearer (level 8, -11/52 HPs)
             Began as a Gargoyle Fighter on July 10, 2023.
             Mangled by LavenderCorpse's ghost (14 damage)
             ... on level 5 of the Dungeon.
             The game lasted 00:07:34 (4562 turns).

McKennaii the Shield-Bearer (Gargoyle Fighter)      Turns: 4562, Time: 00:07:35

Health: -11/52     AC: 22    Str: 22 (23) XL:     8   Next: 62%
Magic:  0/8        EV:  9    Int:  5 (8)  God:
Gold:   289        SH:  5    Dex:  8 (9)  Spells: 7/7 levels left

rFire   . . .        z - +0 trident (protect)
rCold   . . .        c - +0 buckler
rNeg    + . .        b - +0 scale mail
rPois   ∞            (no helmet)
rElec   +            u - +0 cloak
rCorr   .            k - +0 pair of gloves
SInv    .            (no boots)
Will    .....        a - amulet of guardian spirit Stlth
                     (no ring)
HPRegen 0.28/turn    (no ring)
MPRegen 0.11/turn

%: guardian spirit
@: under a protective aura
A: sickness immunity, AC +5, negative energy resistance 1, electricity
resistance, torment resistance 1, petrification resistance, mutation resistance
1, wild magic 1
a: no special abilities


You were on level 5 of the Dungeon.
You visited 1 branch of the dungeon, and saw 7 of its levels.

You collected 358 gold pieces.
You spent 69 gold pieces at shops.

Inventory:

Hand Weapons
 z - a +0 trident of protection (weapon)
Armour
 b - a +0 scale mail (worn)
 c - a +0 buckler (worn)
 k - a +0 pair of gloves (worn)
 r - a +0 tower shield
 u - a +0 cloak (worn)
Jewellery
 a - an amulet of guardian spirit (around neck)
 m - an amulet of regeneration
 n - a ring of fire
Wands
 y - a wand of light (14)
Scrolls
 e - 4 scrolls of identify
 f - 2 scrolls of blinking {unknown}
 g - 5 scrolls of fog
 h - 3 scrolls of amnesia {unknown}
 i - 3 scrolls of teleportation
 l - 3 scrolls of enchant armour {unknown}
 o - 3 scrolls of poison {unknown}
 p - 2 scrolls of fear {unknown}
 q - 2 scrolls of immolation {unknown}
 v - a scroll of magic mapping {unknown}
 w - a scroll of noise {unknown}
Potions
 d - 2 potions of might
 j - a potion of flight
 s - 2 potions of mutation
 t - 2 potions of attraction


   Skills:
 + Level 6.4 Fighting
 + Level 4.9 Polearms
 + Level 6.5 Armour
 + Level 6.5 Shields


You had 7 spell levels left.
You didn't know any spells.
Your spell library contained the following spells:

 Spells                   Type           Power      Damage    Failure   Level
 Sandblast                Erth           0%         2d4       88%         1
 Passwall                 Tmut/Erth      0%         N/A       96%         2
 Stone Arrow              Conj/Erth      0%         3d7       99%         3


Dungeon Overview and Level Annotations

Branches:
Dungeon (7/15)
 Temple: D:4-7

Altars:
Hepliaklqana
Okawaru
Sif Muna
Vehumet
Xom
Zin
The Shining One

Shops:
D:2 *   D:5 =   D:7 !

Annotations:
D:5 LavenderCorpse's ghost, novice BaFi


Innate Abilities, Weirdness & Mutations

You are immune to sickness and miasma.
Your stone body is resilient. (AC +5)
You are immune to poison.
You resist negative energy. (rN+)
You are resistant to electric shocks. (rElec)
You are resistant to unholy torment.
You are immune to petrification.
You are somewhat resistant to further mutation.
Your spells are a little harder to cast, but a little more powerful.


Message History

There is an open translucent door here.
You enter the shallow water.
Moving in this stuff is going to be slow.
There is a collapsed entrance here.
You see here 6 stones.
You enter the shallow water.
Moving in this stuff is going to be slow.
LavenderCorpse's ghost hits you but does no damage.
There is an open translucent door here.
You don't know any spells.
Okay, then.
You hit LavenderCorpse's ghost but do no damage.
Your weapon exudes an aura of protection.
LavenderCorpse's ghost hits you! LavenderCorpse's ghost freezes you.
You hit LavenderCorpse's ghost but do no damage.
LavenderCorpse's ghost hits you! LavenderCorpse's ghost freezes you.
You barely miss LavenderCorpse's ghost.
LavenderCorpse's ghost laughs crazily.
LavenderCorpse's ghost hits you. LavenderCorpse's ghost freezes you.
You hit LavenderCorpse's ghost.
LavenderCorpse's ghost is lightly damaged.
LavenderCorpse's ghost sneers, "Do you call that fighting?"
LavenderCorpse's ghost hits you!
* * * LOW HITPOINT WARNING * * *
LavenderCorpse's ghost freezes you.
* * * LOW HITPOINT WARNING * * *
You hit LavenderCorpse's ghost.
LavenderCorpse's ghost is lightly damaged.
LavenderCorpse's ghost hits you.
* * * LOW HITPOINT WARNING * * *
LavenderCorpse's ghost freezes you.
* * * LOW HITPOINT WARNING * * *
You closely miss LavenderCorpse's ghost.
LavenderCorpse's ghost is lightly damaged.
You block LavenderCorpse's ghost's attack.
LavenderCorpse's ghost hits you but does no damage.
You hit LavenderCorpse's ghost but do no damage.
LavenderCorpse's ghost is lightly damaged.
LavenderCorpse's ghost hits you!
You die...

.................# #..#
#.#####..........######..########
.W#####.....<....................
.........|.......####..#.########
..####.....W..........##W# ## ..#
###........########B# #.
..##############....# #.# #####.
..##.#~~~~~~~~~#....# #.###.....
.....'~~~~(~~~~W@...# #.##..###.
..##.#~~~~~~~~~#..).####....## #.
################....#†....### #.
###....#............†.##.## #.
...............#.#.#####.#######.
##.#####.#######...# ###....##...
#.# #..# #..####......##... ##.#
####.######..##.....#####..#
...###................##.# #..##


You could see LavenderCorpse's ghost.

Vanquished Creatures
  A steam dragon (D:7)
  A sky beast (D:7)
  An ice beast (D:7)
  A centaur (D:5)
  2 ogres
  A kobold brigand (D:4)
  A gnoll sergeant (D:5)
  2 scorpions
  A jelly (D:7)
  2 howler monkeys (D:7)
  A hound (D:6)
  An orc priest (D:7)
  2 iguanas
  3 orc wizards
  3 gnolls
  5 adders
  A white imp (D:6)
  An ufetubus (D:4)
  5 worms
  5 dart slugs
  19 orcs
  4 endoplasms
  5 giant cockroaches
  9 goblins
  9 hobgoblins
  6 jackals (D:3)
  6 quokkas
  7 ball pythons
  7 bats
  5 frilled lizards
  9 kobolds
  6 rats
132 creatures vanquished.

Notes
Turn   | Place    | Note
-------+----------+-------------------------------------------
     0 | D:1      | McKennaii the Gargoyle Fighter began the quest for the Orb.
     0 | D:1      | Reached XP level 1. HP: 14/14 MP: 1/1
   163 | D:1      | Reached XP level 2. HP: 19/19 MP: 2/2
   640 | D:1      | Reached XP level 3. HP: 18/23 MP: 3/3
  1115 | D:2      | Found Noama's Assorted Antiques.
  1131 | D:2      | Reached XP level 4. HP: 26/29 MP: 4/4
  1230 | D:2      | Bought a brown potion for 21 gold pieces
  1230 | D:2      | Bought a scroll labelled ARIBRULIUNN for 24 gold pieces
  1230 | D:2      | Bought a scroll labelled INIROM BOTHAY for 24 gold pieces
  1765 | D:3      | Found a faded altar of an unknown god.
  2082 | D:3      | Reached XP level 5. HP: 33/33 MP: 5/5
  2213 | D:3      | Found a shimmering altar of Xom.
  2214 | D:3      | Found a hazy altar of Hepliaklqana.
  2215 | D:3      | Noticed a spectral ugly thing
  2611 | D:4      | Noticed a kobold brigand
  2622 | D:4      | Killed a kobold brigand
  2718 | D:4      | Reached XP level 6. HP: 39/39 MP: 6/6
  2783 | D:4      | Found an iron altar of Okawaru.
  3189 | D:5      | Entered Level 5 of the Dungeon
  3331 | D:5      | Found Nify's Jewellery Shoppe.
  3384 | D:5      | You fall into a shaft and drop 2 floors!
  3408 | D:7      | Noticed a black bear
  3454 | D:7      | Reached skill level 5 in Fighting
  3454 | D:7      | Reached skill level 5 in Armour
  3454 | D:7      | Reached skill level 5 in Shields
  3467 | D:7      | Reached XP level 7. HP: 32/44 MP: 7/7
  3551 | D:7      | Found a radiant altar of Vehumet.
  3628 | D:7      | Found Ahumon's Distillery.
  3662 | D:7      | Noticed a steam dragon
  3671 | D:7      | Killed a steam dragon
  3716 | D:7      | Reached XP level 8. HP: 51/51 MP: 8/8
  3807 | D:6      | Gained mutation: Your spells are a little harder to cast,
                  | but a little more powerful. [potion of mutation]
  3807 | D:6      | Gained mutation: You are somewhat resistant to further
                  | mutation. [potion of mutation]
  4080 | D:5      | Found a glowing silver altar of Zin.
  4080 | D:5      | Found a glowing golden altar of the Shining One.
  4081 | D:5      | Found a shimmering blue altar of Sif Muna.
  4176 | D:5      | Found a runed translucent door.
  4224 | D:5      | Found a runed translucent door.
  4224 | D:5      | Noticed LavenderCorpse's ghost (novice BaFi)
  4487 | D:5      | HP: 2/52 [LavenderCorpse's ghost (3)]
  4560 | D:5      | HP: 2/52 [LavenderCorpse's ghost (1)]
  4562 | D:5      | Mangled by LavenderCorpse's ghost

Illustrated notes

Levels and vault maps discovered:
D:1:      dpeg_arrival_morbid_curiosity, layout_basic
D:2:      layout_basic, serial_shops, shop, serial_corexii_hall,
          corexii_hall_statues_s, chequers_hall_statues_wall_a,
          corexii_hall_statues_u, corexii_hall_statues_x
D:3:      layout_basic, regret_index_temple_of_mockery, basic_ecumenical_altar
D:4:      layout_basic, general_overflow_altar
D:5:      layout_rooms, gammafunk_temple_overflow_claw, ebering_ghost_sewer_f,
          serial_shops, nicolae_stop_n_shop_2, minmay_misc_feat_diagonals
D:6:      layout_rooms, lightli_temple_of_fire,
          pdpol_wu_jian_five_deadly_venoms, minmay_temple_entry_fiery,
          serial_shops, shop, uniq_maggie
D:7:      layout_basic, kiku_gazebo_pond_becter, mainiacjoe_overflow_alcove_1,
          dk_yredelemnul_ordeal, amcnicky_altar_gilded, serial_shops,
          nicolae_shop_hallway_plus

Skill      XL: |  1  2  3  4  5  6  7  8 |
---------------+-------------------------+-----
Polearms       | 2 3 4 |  4.9
Armour         | 4 5 6 |  6.5
Shields        | 4 5 6 |  6.5
Fighting       | 4 5 6 |  6.4

Action                     |  1- 3 |  4- 6 |  7- 9 || total
---------------------------+-------+-------+-------++-------
  Melee: Trident           |   142 |   288 |   267 ||   697
    Use: Potion            |       |       |     6 ||     6
         Scroll            |       |       |     2 ||     2
 Armour: Scale mail        |    57 |   166 |   144 ||   367
  Dodge: Dodged            |    49 |   130 |    84 ||   263
  Block: Buckler           |    29 |    64 |    48 ||   141
